 Dungeon Crawl Stone Soup version 0.20.0-15-g7f486f2 (webtiles) character file.

614504 hairmachine the Conqueror (level 26, -14/358 HPs)
             Began as a Minotaur Berserker on May 29, 2017.
             Was the Champion of Trog.
             Demolished by a golden dragon (20 damage)
             ... on level 5 of the Realm of Zot on June 18, 2017.
             The game lasted 05:54:40 (71373 turns).

hairmachine the Conqueror (Minotaur Berserker)     Turns: 71373, Time: 05:54:43

Health: -14/358    AC: 41    Str: 36      XL:     26   Next: 85%
Magic:  32/32      EV: 29    Int:  9      God:    Trog [******]
Gold:   4519       SH:  0    Dex: 14 (15) Spells: 25/25 levels left

rFire    + . .     SeeInvis +   Q - +4 great mace of Evolution {drain, +Fly rC+ MR- Dex+5}
rCold    + + .     Gourm    .   (shield currently unavailable)
rNeg     + . .     Faith    .   O - +9 pearl dragon scales of Happy Babbling {rF+ rC+ rN+ Int+3 Dex-5}
rPois    +         Spirit   .   Z - +3 crown of Dyrovepreva {rElec Int+2 SInv}
rElec    +         Reflect  .   z - +2 cloak {rPois}
rCorr    +         Harm     .   g - +2 pair of gloves
MR       .....                  S - +2 pair of boots
Stlth    ..........             r - amulet of regeneration
Regen    1.5/turn               v - ring of resist corrosion
MPRegen  0.3/turn               e - +4 ring of evasion

@: berserking (expiring), very quick
A: retaliatory headbutt, horns 2, agile 1, deformed body, deterioration 1, frail
1, low mp 1, regeneration 1, screaming 1, wild magic 1
}: 3/15 runes: decaying, silver, gossamer
a: Berserk, Trog's Hand, Brothers in Arms, Burn Spellbooks, Renounce Religion,
Evoke Flight


You were on level 5 of the Realm of Zot.
You worshipped Trog.
Trog was exalted by your worship.
You were near starving.

You visited 8 branches of the dungeon, and saw 46 of its levels.
You visited the Abyss 2 times.
You also visited: Ice Cave and Volcano.

You collected 5985 gold pieces.
You spent 1466 gold pieces at shops.


Innate Abilities, Weirdness & Mutations

You reflexively headbutt those who attack you in melee.
You have a pair of horns on your head.
You are agile. (Dex +2)
Armour fits poorly on your strangely shaped body.
Your body sometimes deteriorates upon taking damage.
You are frail. (-10% HP)
Your magical capacity is low. (-10% MP)
Your natural rate of healing is unusually fast.
You occasionally shout uncontrollably at your foes.
Your spells are a little harder to cast, but a little more powerful.


   Skills:
 O Level 27 Fighting
 - Level 20.0(20.1) Maces & Flails
 - Level 4.0(14.1) Staves
 + Level 26.0 Armour
 + Level 22.0 Dodging
   Level 4.2 Shields
 + Level 19.8 Evocations


You had 25 spell levels left.
You didn't know any spells.

Inventory:

Hand Weapons
 a - a +3 great mace of holy wrath {god gift}
   (Trog gifted it to you on level 1 of the Orcish Mines)
 K - a +6 antimagic lajatang {god gift}
   (Trog gifted it to you on level 4 of the Spider Nest)
 Q - the +4 great mace of Evolution (weapon) {drain, +Fly rC+ MR- Dex+5}
   (You found it on level 4 of the Spider Nest)

   A truly terrible weapon, it drains the life of those it strikes.
   It affects your dexterity (+5).
   It protects you from cold.
   It affects your resistance to hostile enchantments.
   It lets you fly.
Missiles
 D - 4 throwing nets {!f=f, !d}
Armour
 g - a +2 pair of gloves (worn)
   (You found it on level 14 of the Dungeon)
 z - a +2 cloak of poison resistance (worn)
   (You took it off a draconian monk on level 1 of the Realm of Zot)
 O - the +9 pearl dragon scales of Happy Babbling (worn) {rF+ rC+ rN+ Int+3 Dex-5}
   (You found it on level 2 of the Spider Nest)

   It affects your intelligence (+3).
   It affects your dexterity (-5).
   It protects you from fire.
   It protects you from cold.
   It protects you from negative energy.
 S - a +2 pair of boots (worn)
   (You found it on level 1 of the Lair of Beasts)
 Z - the +3 crown of Dyrovepreva (worn) {rElec Int+2 SInv}
   (You acquired it on level 3 of the Vaults)

   It affects your intelligence (+2).
   It insulates you from electricity.
   It lets you see invisible.
Jewellery
 e - a +4 ring of evasion (right hand)
   (You found it on level 15 of the Dungeon)
 m - an uncursed ring of protection from magic {MR+, !d}
   (You found it on level 5 of the Lair of Beasts)
 r - an amulet of regeneration (around neck)
   (You found it on level 2 of the Lair of Beasts)
 v - a ring of resist corrosion (left hand)
   (You found it on level 4 of the Spider Nest)
Wands
 d - a wand of disintegration (10/24)
   (You found it on level 3 of the Dungeon)
 k - a wand of digging (2/24)
   (You found it on level 3 of the Dungeon)
 w - a wand of acid (6/15)
   (You found it on level 4 of the Dungeon)
 C - a wand of lightning (0/15)
   (You found it on level 5 of the Lair of Beasts)
 F - a wand of scattershot (0/9)
   (You found it on level 2 of the Depths)
Scrolls
 i - 8 scrolls of fear {!r}
 l - a scroll of summoning {!r}
 q - 11 scrolls of identify {!r}
 t - 17 scrolls of teleportation {!r}
 A - 3 scrolls of magic mapping {!r}
 E - 6 scrolls of remove curse {!r}
 I - 9 scrolls of fog {!r}
 L - 3 scrolls of blinking {!r}
 T - 4 scrolls of holy word {!r}
 W - 7 scrolls of silence {!r}
 X - 8 scrolls of recharging {!r}
Potions
 f - 6 potions of brilliance {!q}
 j - 15 potions of curing {!q}
 p - 3 potions of invisibility {!q}
 s - a potion of might {!q}
 B - a potion of resistance {!q}
 G - 2 potions of heal wounds {!q}
 N - 2 potions of ambrosia {!q}
 P - 3 potions of berserk rage {!q}
 R - 5 potions of agility {!q}
 U - 4 potions of mutation {!q}
 V - 2 potions of haste {!q}
 Y - 3 potions of cancellation {!q}
Miscellaneous
 b - a lamp of fire
   (You bought it in a shop on level 2 of the Orcish Mines)
 h - a lightning rod (1/4) {!a}
   (You bought it in a shop on level 4 of the Vaults)
 y - a sack of spiders
 M - a phantom mirror
Comestibles
 c - 29 bread rations
 o - 21 meat rations
 u - 65 fruits
 J - 13 royal jellies

Dungeon Overview and Level Annotations

Branches:
Dungeon (15/15)            Temple (0/1) D:5            Lair (6/6) D:10
  Swamp (4/4) Lair:4       Spider (4/4) Lair:4        Slime (0/5) Lair:5
    Orc (2/2) D:10            Elf (0/3) Orc:2        Vaults (5/5) D:13
  Crypt (0/3) Vaults:2     Depths (5/5) D:15            Zot (5/5) Depths:5

Altars:
Ashenzari
Dithmenos
Elyvilon
Makhleb
Okawaru
Ru
Yredelemnul
Zin
The Shining One
Jiyva

Shops:
D:6 ?   D:10 [   Orc:1 :   Orc:2 }*(?   Vaults:4 }   Depths:4 :

Portals:
Hell: Depths:1 Depths:2 Depths:3 Depths:5
Abyss: Depths:5
Pandemonium: Orc:2 Depths:3
Ziggurat: Depths:4

Annotations:
D:2 2 transporters
Lair:5 exclusion: downstairs
Vaults:3 exclusion: downstairs
Depths:3 exclusion: downstairs
Depths:4 1 transporter, exclusion: downstairs

########.#* #...@Dyd.# **#
****########.##########..
*,,,,....................
*,,,,....................
*,,,,.........)...z.[....
**,,,,..##.........####*** ****
**,,,,,.,*#....##......# *
,,,****,,,,,,,,#....####...<.# *
,,,,,,,,,,,*,,...##.* *#.....#***
*,**,,,,,,**,,...*#.**#.....#.#,,
*,*,,,,,,,,,,,,,,,,,........##.#,
*,*,,,,,,,,,,,**,**,##.....##*#..
*,,,,,,,,,,,,,**,**,*#....## *#.
+,,,,,,,,,,,,,,,,,,,....##* *,.
+,,,*,,,⌠,,**,**,**,#...* ***,
*,***,,,,,,**,**,**,***** *,,,


You could see a golden dragon (berserk), a yellow draconian and a moth of wrath.


Message History

Unknown command.
You closely miss the Orb Guardian.
The Orb Guardian is almost dead.
The Orb Guardian hits you but does no damage.
A yellow draconian comes into view. It is wielding a short sword.
You bludgeon the Orb Guardian!!
You kill the Orb Guardian!
The yellow draconian moves out of view.
You barely miss the death cob. Your headbutt misses the death cob.
The death cob is moderately damaged.
The death cob misses you. You furiously retaliate!
You headbutt the death cob! You miss the death cob. You headbutt the death cob!
The death cob is heavily damaged.
The death cob hits you!
* * * LOW HITPOINT WARNING * * *
The death cob drains your vigour!
You feel yourself slow down.
Damage: -3%(-10hp) hp: 25%(87hp)
You hammer the death cob like a gong!!!
You feel the power of Trog in you as your rage grows.
You destroy the death cob!
The green draconian is no longer berserk.
You flatten the storm dragon like a pancake!!!
You drain the storm dragon! You headbutt the storm dragon!
The storm dragon is almost dead.
You crush the storm dragon like a grape!!!!
You kill the storm dragon!
Your Dodging skill increases to level 22!
The moth of wrath goads the Orb Guardian on!
The Orb Guardian goes berserk!
The green draconian completely misses you.
You furiously retaliate!
You headbutt the green draconian!
The green draconian completely misses you.
You sock the green draconian! You drain the green draconian!
The green draconian is moderately wounded.
A golden dragon comes into view.
You shout at the golden dragon!
You crush the green draconian like a grape!!!
You drain the green draconian!
Your headbutt misses the green draconian.
The green draconian is almost dead.
The green draconian closely misses you.
The green draconian tail-slaps you but does no damage.
The golden dragon moves out of view.
You bludgeon the green draconian!!
You feel the power of Trog in you as your rage grows.
You kill the green draconian!
You feel your strength returning.
You closely miss the Orb Guardian. Your headbutt misses the Orb Guardian.
The Orb Guardian barely misses you. You furiously retaliate!
You headbutt the Orb Guardian. The Orb Guardian barely misses you.
You bludgeon the Orb Guardian!! You drain the Orb Guardian!
The Orb Guardian is moderately wounded.
The Orb Guardian hits you but does no damage.
You miss the Orb Guardian. You headbutt the Orb Guardian!!
The Orb Guardian is heavily wounded.
The Orb Guardian misses you.
You bludgeon the Orb Guardian!! You drain the Orb Guardian!
Your headbutt misses the Orb Guardian.
The Orb Guardian is severely wounded.
The Orb Guardian barely misses you. You furiously retaliate!
You headbutt the Orb Guardian. The Orb Guardian hits you!
* * * LOW HITPOINT WARNING * * *
Damage: -3%(-9hp) hp: 25%(89hp)
You barely miss the Orb Guardian.
The Orb Guardian is severely wounded.
The Orb Guardian hits you but does no damage.
You hit the Orb Guardian. You drain the Orb Guardian!
You headbutt the Orb Guardian!
The Orb Guardian is almost dead.
The Orb Guardian hits you but does no damage.
The Orb Guardian completely misses you.
You hit the Orb Guardian. You drain the Orb Guardian!
Your headbutt misses the Orb Guardian.
The Orb Guardian is almost dead.
The Orb Guardian hits you!
* * * LOW HITPOINT WARNING * * *
The moth of wrath goads the golden dragon on!
The golden dragon goes berserk!
Damage: -3%(-12hp) hp: 23%(79hp)
You bludgeon the Orb Guardian!!
You kill the Orb Guardian!
Your Armour skill increases to level 26!
You completely miss the golden dragon. You headbutt the golden dragon!
The golden dragon is lightly wounded.
The golden dragon bites you!!
* * * LOW HITPOINT WARNING * * *
The golden dragon claws you!
* * * LOW HITPOINT WARNING * * *
The golden dragon completely misses you.
Huge Dmg: -11%(-39hp) hp: 12%(41hp)
You closely miss the golden dragon. Your headbutt misses the golden dragon.
The golden dragon is lightly wounded.
You feel yourself speed up. The golden dragon bites you!!!
* * * LOW HITPOINT WARNING * * *
Your body deteriorates!
You feel clumsy. The golden dragon misses you. The golden dragon tramples you!!
You die...

Vault maps used:
D:1:      arrival_zaba_pyramid
D:2:      cheibrodos_greedy_goblins, gammafunk_temple_overflow_arena
D:3:      demons_altar
D:4:      first_bread, minmay_snake_closets, uniq_pikel, uniq_menkaure
D:5:      temple_statues, uniq_duvessa
D:6:      serial_shops, shop, uniq_eustachio
D:7:      basic_altar, minmay_strange_pillars
D:8:      grunt_livestock
D:10:     minmay_the_grid_octo_triangle, lair_entry_dummy, zombieorc2_lemuel,
          serial_shops, shop
D:11:     dragon1_lemuel
D:12:     minivault_1
D:13:     grunt_vaults_entry_tiered, bh_hangedman_babel_library
D:14:     grunt_decor_resistance, minmay_misc_feat_pillars, uniq_agnes
D:15:     gammafunk_enter_depths_forms, special_room, nicolae_benzene_ring
Lair:1:   lab_entry_generic, lemuel_fruit_tree, lemuel_fruit_fields,
          grunt_megastairs_5, lemuel_fruit_fields, uniq_nergalle
Lair:2:   grunt_forest_large_clearings, lemuel_fruit_fields,
          infiniplex_staircase_pool
Lair:3:   infiniplex_staircase_pool_2, uniq_urug, uniq_gastronok
Lair:4:   minmay_swamp_entry_reptiles, nicolae_spider_entry_orb_guardian,
          worms_lemuel, lemuel_fruit_fields, lemuel_fruit_fields, uniq_harold
Lair:5:   slime_altar_1, serial_bayou_lake_a, serial_bayou_shore_a
Lair:6:   minmay_lair_end_enchanted_forest, minmay_lair_drake_nest
Swamp:1:  hangedman_swamp_lotus
Swamp:2:  hangedman_swamp_ruin_wall, swamp_pool1
Swamp:3:  cheibrodos_swamp_tower_of_moss, serial_swamp_ruin,
          evilmike_swamp_ruin_house_1, evilmike_swamp_ruin_house_5,
          evilmike_swamp_ruin_house_2
Swamp:4:  swamp_icy, swamp_pool2
Spider:2: spider_trap
Spider:3: portal_ice_cave_entry_ice_statue_one, nicolae_spider_ant_collections,
          uniq_arachne
Spider:4: spider_rune_water, nicolae_crawler_farm, uniq_roxanne
Orc:1:    nicolae_volcano_entry_two_sided, serial_shops, shop, nooodl_orcs_dogs
Orc:2:    pf_orc_diabolical, serial_shops, shop_statue, nicolae_orc_bridge_out,
          statue_in_the_mist_lemuel
Vaults:1: vaults_mumra_minichess_inversion, ontoclasm_vaults_eye, v_misc_2,
          grunt_vaults_funnel, v_pattern_3, hangedman_vaults_trim,
          hangedman_vaults_impose, v_alt_pattern_3, ontoclasm_vaults_ring_small,
          nicolae_vaults_hallways_thing, uniq_nikola
Vaults:2: st_lattice, v_rooms_6, v_pattern_4, vaults_room_fours,
          hangedman_vaults_stretched_pinwheel, nicolae_vaults_angled_halls,
          minmay_crypt_entry_simple_walls
Vaults:3: v_misc_22, nicolae_vaults_network_quinsquares, ontoclasm_vaults_pinch,
          v_rooms_1, v_rooms_6, vaults_room_semicircle, vaults_mumra_lcd,
          nicolae_vaults_diagonal_hallway_8, nicolae_vaults_specimen_jars,
          nicolae_vaults_alarming, v_misc_12, dpeg_vaults_monster_box,
          v_misc_22, nicolae_vaults_little_squares_6, vaults_room_pool,
          nicolae_vaults_c_with_doors, ontoclasm_vaults_decontamination,
          serial_shops, bzr_firewalk
Vaults:4: ontoclasm_vaults_shuriken, nicolae_vaults_theta, vaults_mumra_hexcomb,
          hangedman_vaults_locks, nicolae_vaults_network_periphery, v_misc_27,
          grunt_vaults_focal, vaults_mumra_chevron_long, vaults_dpeg_ring,
          grunt_vaults_hallway_long, hangedman_vaults_maws, vaults_dpeg_hooks,
          serial_shops, shop, portal_desolation_entry_nicolae_slug
Vaults:5: uniq_mennas
Depths:1: corexii_hall_statues_l, pf_hell_entry_tar_river, hallowed_hall
Depths:2: evilmike_cross, wad_floor_pattern_untrapped, lightli_too_deep,
          minmay_serpent_palace, infiniplex_staircase_pillars_3a, uniq_asterion
Depths:3: minmay_nested_s, rand_demon_pan_entry_9, lemuel_crystal_altar,
          hangedman_coc_ice_floe, grunt_megastairs_3
Depths:4: gammafunk_sealed_library, enter_ziggurat_e, hell_entry,
          marbit_kobold_abyss_entry, serial_shops, nicolae_shop_behind_doors,
          nicolae_ashenzari_panopticon, infiniplex_staircase_zigzag_4,
          firewood_loft, uniq_xtahua
Depths:5: lemuel_castle_with_subvaults, abyss_entry, hell_entry,
          mu_enter_wizlab_4, kennysheep_flooded_box, grunt_megastairs_2,
          uniq_margery, uniq_boris, uniq_jory
Zot:2:    lemuel_acid_trip, nicolae_lava_and_water, nrook_zot_tub
Zot:4:    st_stairs_11
Zot:5:    hangedman_zot_decor_slant, st_stairs_12, guppyfry_library_mini
Abyss:3:  hangedman_stitches_earthworm, guppyfry_abyss_exit_glass_guarded
IceCv:    ice_cave_tombish
Volcano:  volcano_tomb

Notes
Turn   | Place    | Note
-------+----------+-------------------------------------------
     0 | D:1      | hairmachine the Minotaur Berserker began the quest for the Orb.
     0 | D:1      | Reached XP level 1. HP: 19/19 MP: 0/0
   187 | D:2      | Reached XP level 2. HP: 25/26 MP: 1/1
   229 | D:2      | Noticed a sky beast
   230 | D:2      | Noticed an orc warrior
   230 | D:2      | Found a shadowy altar of Dithmenos.
   231 | D:2      | Found a transporter.
   232 | D:2      | Found a sacrificial altar of Ru.
   240 | D:2      | Found a transporter.
   439 | D:2      | Reached skill level 5 in Maces & Flails
   638 | D:2      | Reached XP level 3. HP: 31/31 MP: 2/2
   722 | D:3      | Reached ** piety under Trog
   725 | D:3      | Reached XP level 4. HP: 33/39 MP: 3/3
   924 | D:3      | Found a burning altar of Makhleb.
   950 | D:3      | Reached XP level 5. HP: 45/45 MP: 4/4
  1913 | D:4      | Reached XP level 6. HP: 51/51 MP: 5/5
  2006 | D:4      | Noticed Menkaure
  2014 | D:4      | Killed Menkaure
  2454 | D:4      | Noticed a slave
  2481 | D:4      | Killed a slave
  2489 | D:4      | Noticed Pikel
  2490 | D:4      | Noticed a slave
  2507 | D:4      | Noticed a slave
  2510 | D:4      | Killed Pikel
  2510 | D:4      | Reached skill level 10 in Maces & Flails
  2510 | D:4      | Reached skill level 5 in Armour
  2510 | D:4      | Reached XP level 7. HP: 57/57 MP: 6/6
  2862 | D:5      | Entered Level 5 of the Dungeon
  3067 | D:5      | Noticed Duvessa
  3068 | D:5      | Noticed Dowan
  3086 | D:5      | Killed Duvessa
  3086 | D:5      | Reached XP level 8. HP: 58/64 MP: 7/7
  3100 | D:5      | Killed Dowan
  3240 | D:5      | Found a staircase to the Ecumenical Temple.
  4066 | D:6      | Found Festialo's Magic Scroll Shop.
  4379 | D:6      | Reached skill level 1 in Shields
  4427 | D:6      | Noticed Eustachio
  4444 | D:6      | Killed Eustachio
  4478 | D:6      | Bought a scroll of magic mapping for 42 gold pieces
  4478 | D:6      | Bought a scroll of fog for 24 gold pieces
  4895 | D:6      | Reached *** piety under Trog
  5026 | D:6      | Reached XP level 9. HP: 57/70 MP: 8/8
  5152 | D:6      | Reached skill level 4 in Fighting
  5505 | D:6      | Reached skill level 5 in Fighting
  6022 | D:7      | Reached skill level 6 in Fighting
  6460 | D:7      | Reached skill level 7 in Fighting
  6512 | D:7      | Found a white marble altar of Elyvilon.
  6767 | D:8      | Reached skill level 1 in Evocations
  6790 | D:8      | Reached **** piety under Trog
  6879 | D:8      | Noticed a two-headed ogre
  6980 | D:8      | Killed a two-headed ogre
  6980 | D:8      | Reached skill level 8 in Fighting
  6980 | D:8      | Reached XP level 10. HP: 90/90 MP: 9/11
  7187 | D:8      | Reached skill level 9 in Fighting
  7562 | D:8      | Noticed a two-headed ogre
  7580 | D:8      | Killed a two-headed ogre
  7580 | D:8      | Reached skill level 10 in Fighting
  7580 | D:8      | Reached skill level 5 in Evocations
  7736 | D:8      | Received a gift from Trog
  8478 | D:9      | Noticed a two-headed ogre
  8487 | D:9      | Killed a two-headed ogre
  8744 | D:9      | Reached XP level 11. HP: 95/101 MP: 14/14
  9035 | D:9      | Reached skill level 11 in Fighting
  9264 | D:10     | Entered Level 10 of the Dungeon
  9271 | D:10     | Found Kazuluymn's Antique Armour Shop.
  9318 | D:10     | Reached ***** piety under Trog
  9391 | D:9      | Reached skill level 5 in Dodging
  9584 | D:10     | Noticed a two-headed ogre
  9606 | D:10     | Killed a two-headed ogre
  9824 | D:10     | Found a staircase to the Orcish Mines.
 10408 | D:10     | Found a staircase to the Lair.
 10458 | Lair:1   | Entered Level 1 of the Lair of Beasts
 10638 | Lair:1   | Reached skill level 12 in Fighting
 10849 | Lair:1   | Received a gift from Trog
 11207 | Lair:1   | Noticed a four-headed hydra
 11224 | Lair:1   | Killed a four-headed hydra
 11478 | Lair:1   | Noticed Nergalle
 11503 | Lair:1   | Killed Nergalle
 11503 | Lair:1   | Reached skill level 13 in Fighting
 11627 | Lair:1   | Reached skill level 10 in Armour
 12112 | Lair:1   | Reached XP level 12. HP: 103/115 MP: 15/15
 12729 | Lair:2   | Upgraded the game from 0.20.0-7-g3b7b877 to 0.20.0-8-g6b59dc7
 12879 | Lair:2   | Noticed a seven-headed hydra
 12896 | Lair:2   | Killed a seven-headed hydra
 13141 | Lair:2   | Reached skill level 14 in Fighting
 14201 | Lair:3   | Noticed a four-headed hydra
 14214 | Lair:3   | Killed a four-headed hydra
 14454 | Lair:3   | Reached skill level 15 in Maces & Flails
 14802 | Lair:3   | Noticed Urug
 14826 | Lair:2   | Reached XP level 13. HP: 66/125 MP: 16/16
 14930 | Lair:3   | Killed Urug
 14994 | Lair:3   | Noticed Gastronok
 15009 | Lair:3   | Killed Gastronok
 15009 | Lair:3   | Reached skill level 15 in Fighting
 16020 | Lair:4   | Found a hole to the Spider Nest.
 16309 | Lair:4   | Noticed Harold
 16321 | Lair:4   | Killed Harold
 16770 | Lair:4   | Found a staircase to the Swamp.
 16981 | Lair:4   | Received a gift from Trog
 17279 | Lair:4   | Got bloodstained quicksilver dragon scales
 17765 | Lair:5   | Found a staircase to the Slime Pits.
 17766 | Lair:5   | Found a viscous altar of Jiyva.
 18480 | Lair:6   | Entered Level 6 of the Lair of Beasts
 18778 | Lair:6   | Reached skill level 16 in Fighting
 19169 | Lair:6   | Reached XP level 14. HP: 114/137 MP: 17/17
 20284 | D:10     | You fall through a shaft!
 20323 | D:10     | Identified the cursed quicksilver dragon scales of Suxkaist {rElec rN+ MR+} (You found it on level 4 of the Lair of Beasts)
 20371 | D:10     | Received a gift from Trog
 20506 | D:10     | Identified the Incunabulum of Glacial Flight
 20892 | D:11     | Received a gift from Trog
 21433 | Orc:1    | Entered Level 1 of the Orcish Mines
 21437 | Orc:1    | Noticed an orc warlord
 21585 | Orc:1    | Killed an orc warlord
 21834 | Orc:1    | Received a gift from Trog
 21911 | Orc:1    | Found a dark tunnel.
 21924 | Orc:1    | Found Arot Ece's Book Shoppe.
 21945 | Volcano  | Entered a volcano
 22094 | Volcano  | Reached skill level 17 in Fighting
 23023 | Orc:1    | Received a gift from Trog
 23041 | Orc:1    | Got a bloodstained mace {god gift}
 23042 | Orc:1    | Identified the +3 mace of Relativism {god gift, antimagic, rF+ rN+ Str+3 Dex-5} (Trog gifted it to you on level 1 of the Orcish Mines)
 23228 | Orc:2    | Entered Level 2 of the Orcish Mines
 23228 | Orc:2    | Found Idopn's Jewellery Shop.
 23648 | Orc:2    | Found Wigus's General Store.
 23686 | Orc:2    | Found Bujasieg's Magic Scroll Emporium.
 24063 | Orc:2    | Reached XP level 15. HP: 139/147 MP: 18/18
 24085 | Orc:2    | Received a gift from Trog
 24093 | Orc:2    | Gained mutation: You occasionally shout uncontrollably at your foes. [a neqoxec]
 24184 | Orc:2    | Found Pogaudiu's Gadget Shop.
 24184 | Orc:2    | Found Plog's Antique Weapon Boutique.
 24184 | Orc:2    | Found a one-way gate leading to the halls of Pandemonium.
 24192 | Orc:2    | Bought a lamp of fire for 520 gold pieces
 24234 | Orc:2    | Bought 2 scrolls of fog for 64 gold pieces
 24234 | Orc:2    | Bought a scroll of teleportation for 48 gold pieces
 24234 | Orc:2    | Bought a scroll of teleportation for 48 gold pieces
 24772 | Orc:2    | Found a staircase to the Elven Halls.
 25452 | D:12     | Reached skill level 10 in Dodging
 25465 | D:12     | Received a gift from Trog
 25468 | D:12     | Got an encrusted mace {god gift}
 26290 | D:13     | Received a gift from Trog
 26506 | D:13     | Got a warped hand axe {drain}
 26567 | D:13     | Identified Ts'ui Pên's Grimoire of Forking Paths
 26591 | D:13     | Identified Appionef's Almanac of Combed Thunderclap
 26654 | D:13     | Reached skill level 18 in Fighting
 26990 | D:13     | Found a gate to the Vaults.
 27420 | Swamp:1  | Entered Level 1 of the Swamp
 27421 | Swamp:1  | Upgraded the game from 0.20.0-8-g6b59dc7 to 0.20.0-15-g7f486f2
 28177 | Swamp:1  | Received a gift from Trog
 29116 | Swamp:3  | Noticed a thorn hunter
 29165 | Swamp:3  | Paralysed by a hornet for 2 turns
 29183 | Swamp:3  | Noticed a thorn hunter
 29196 | Swamp:3  | Killed a thorn hunter
 29196 | Swamp:3  | Reached XP level 16. HP: 109/158 MP: 19/19
 29363 | Swamp:3  | Killed a thorn hunter
 29897 | Swamp:3  | Noticed a thorn hunter
 29915 | Swamp:3  | Killed a thorn hunter
 30478 | Swamp:4  | Entered Level 4 of the Swamp
 31140 | Swamp:4  | Reached skill level 19 in Fighting
 32002 | Swamp:4  | Reached ****** piety under Trog
 32289 | Swamp:4  | Noticed a thorn hunter
 32303 | Swamp:4  | Received a gift from Trog
 32769 | Swamp:4  | Got a decaying rune of Zot
 33245 | Spider:1 | Entered Level 1 of the Spider Nest
 35312 | Spider:2 | Received a gift from Trog
 35538 | Spider:2 | Reached XP level 17. HP: 170/170 MP: 21/21
 35773 | Spider:2 | Got spiked pearl dragon scales
 35824 | Spider:2 | Identified the +9 pearl dragon scales of Happy Babbling {rF+ rC+ rN+ Int+3 Dex-5} (You found it on level 2 of the Spider Nest)
 36315 | Spider:3 | Found a frozen archway.
 36366 | IceCv    | Entered an ice cave
 36650 | IceCv    | Reached skill level 20 in Fighting
 36806 | IceCv    | Noticed an Ice Fiend
 36812 | IceCv    | Killed an Ice Fiend
 36831 | IceCv    | Got crude ice dragon scales
 36842 | IceCv    | Identified the +4 ice dragon scales of Classification {rF- rC++ MR+ rCorr Slay+3 Stlth+} (You found it in an ice cave)
 37074 | Spider:3 | Received a gift from Trog
 37498 | Spider:3 | Got a translucent scale mail
 37506 | Spider:3 | Identified 3 scrolls of acquirement {!r}
 37533 | Spider:3 | Noticed Arachne
 37575 | Spider:3 | Killed Arachne
 37575 | Spider:3 | Reached skill level 15 in Armour
 38745 | Spider:4 | Entered Level 4 of the Spider Nest
 39226 | Spider:4 | Received a gift from Trog
 39255 | Spider:4 | Reached skill level 1 in Staves
 39399 | Spider:4 | Got a dazzling great mace
 39400 | Spider:4 | Identified the +4 great mace of Evolution {drain, +Fly rC+ MR- Dex+5} (You found it on level 4 of the Spider Nest)
 39636 | Spider:4 | Noticed Roxanne
 39727 | Spider:4 | Killed Roxanne
 40690 | Spider:4 | Received a gift from Trog
 40693 | Spider:4 | Got a transparent morningstar {god gift}
 40758 | Spider:4 | Identified the +1 morningstar of the Two Names {god gift, vamp, Str+4} (Trog gifted it to you on level 4 of the Spider Nest)
 40852 | Spider:4 | HP: 4/172 [disintegration (43)]
 41156 | Spider:4 | Reached XP level 18. HP: 180/180 MP: 23/23
 41199 | Spider:4 | Reached skill level 21 in Fighting
 41435 | Spider:4 | Got a gossamer rune of Zot
 41760 | Vaults:1 | Entered Level 1 of the Vaults
 42104 | Vaults:1 | Received a gift from Trog
 42258 | Vaults:1 | Noticed Nikola
 42469 | Vaults:1 | Killed Nikola
 42896 | Vaults:1 | Reached skill level 22 in Fighting
 44267 | Vaults:2 | Reached XP level 19. HP: 169/193 MP: 8/24
 44442 | Vaults:2 | Received a gift from Trog
 44591 | Vaults:2 | Found a staircase to the Crypt.
 45745 | Vaults:3 | Reached skill level 23 in Fighting
 46625 | Vaults:3 | Received a gift from Trog
 47593 | Vaults:4 | Found Exuomo's Gadget Shop.
 47601 | Vaults:4 | Bought a lightning rod (4/4) for 480 gold pieces
 47619 | Vaults:4 | Reached skill level 15 in Dodging
 48120 | Vaults:4 | Bought a sack of spiders for 240 gold pieces
 48264 | Vaults:4 | Reached XP level 20. HP: 193/206 MP: 25/25
 48272 | Vaults:4 | Reached skill level 24 in Fighting
 48592 | Vaults:4 | Received a gift from Trog
 50163 | D:14     | Cast into level 2 of the Abyss (a wizard)
 50469 | Abyss:3  | Noticed a bone dragon
 50482 | Abyss:3  | Killed a bone dragon
 50580 | Abyss:3  | Noticed a bone dragon
 50588 | D:14     | Escaped the Abyss
 50687 | D:14     | Noticed Agnes
 50701 | D:14     | Killed Agnes
 51153 | D:14     | Got a faintly glowing short sword
 51218 | D:15     | Entered Level 15 of the Dungeon
 51358 | D:15     | Received a gift from Trog
 51678 | D:15     | Reached skill level 10 in Evocations
 51682 | D:15     | Found a staircase to the Depths.
 52287 | D:15     | Received a gift from Trog
 52474 | Depths:1 | Entered Level 1 of the Depths
 52489 | Depths:1 | Noticed a pearl dragon
 52566 | D:15     | Reached skill level 25 in Fighting
 52621 | D:15     | Reached XP level 21. HP: 195/217 MP: 27/27
 53100 | Depths:1 | Found a gateway to Hell.
 53302 | Depths:1 | Received a gift from Trog
 53502 | Depths:1 | Found a glowing golden altar of the Shining One.
 53502 | Depths:1 | Found a glowing silver altar of Zin.
 53502 | Depths:1 | Found a white marble altar of Elyvilon.
 54695 | Depths:2 | Received a gift from Trog
 55021 | Depths:2 | Noticed Asterion
 55030 | Depths:2 | Killed Asterion
 55700 | Depths:2 | Reached XP level 22. HP: 213/228 MP: 30/30
 56083 | Depths:3 | Received a gift from Trog
 56086 | Depths:3 | Reached skill level 26 in Fighting
 57267 | Depths:1 | Received a gift from Trog
 57570 | Depths:3 | Found an iron altar of Okawaru.
 57662 | Depths:3 | Paralysed by a great orb of eyes for 5 turns
 58743 | Depths:4 | Found a gateway to a ziggurat.
 58802 | Depths:3 | Paralysed by a sphinx for 7 turns
 58813 | Depths:3 | Received a gift from Trog
 59020 | Depths:4 | Noticed a juggernaut
 59248 | Depths:4 | Noticed a golden dragon
 59259 | Depths:4 | Killed a golden dragon
 59438 | Depths:3 | Reached XP level 23. HP: 160/238 MP: 15/32
 59624 | Depths:4 | Killed a juggernaut
 59841 | Depths:4 | Found a shattered altar of Ashenzari.
 60306 | Depths:4 | Found a transporter.
 60362 | Depths:4 | Found Dainnapath's Book Shop.
 60522 | Depths:5 | Entered Level 5 of the Depths
 60608 | Depths:4 | Reached skill level 27 in Fighting
 60903 | Depths:4 | Received a gift from Trog
 61215 | Depths:5 | Noticed Jory
 61231 | Depths:5 | Killed Jory
 61381 | Depths:5 | Found a one-way gate to the infinite horrors of the Abyss.
 61384 | Depths:5 | Noticed Boris
 61402 | Depths:5 | Killed Boris
 61545 | Depths:5 | Reached skill level 15 in Evocations
 61580 | Depths:5 | Paralysed by a great orb of eyes for 2 turns
 61666 | Depths:5 | Found a basalt altar of Yredelemnul.
 61667 | Depths:5 | Noticed Margery
 61675 | Depths:5 | Cast into level 3 of the Abyss (hell knight)
 61739 | Abyss:3  | Received a gift from Trog
 61850 | Abyss:3  | Paralysed by you for 7 turns
 62238 | Abyss:3  | Gained mutation: You are very clumsy. (Dex -4) [a neqoxec]
 62240 | Abyss:3  | Gained mutation: You are frail. (-10% HP) [a neqoxec]
 62336 | Abyss:3  | Received a gift from Trog
 62368 | Abyss:3  | Gained mutation: You tend to lose your temper in combat. [a neqoxec]
 62562 | Abyss:3  | Reached XP level 24. HP: 224/224 MP: 33/33
 62664 | Depths:5 | Escaped the Abyss
 62686 | Depths:5 | Killed Margery
 63735 | Depths:5 | Lost mutation: You are frail. (-10% HP) [potion of mutation]
 63735 | Depths:5 | Lost mutation: You are clumsy. (Dex -2) [potion of mutation]
 63735 | Depths:5 | Lost mutation: You tend to lose your temper in combat. [potion of mutation]
 63735 | Depths:5 | Lost mutation: You occasionally shout uncontrollably at your foes. [potion of mutation]
 63735 | Depths:5 | Gained mutation: Armour fits poorly on your strangely shaped body. [potion of mutation]
 63735 | Depths:5 | Gained mutation: You have large cloven feet. [potion of mutation]
 63736 | Depths:5 | Lost mutation: You have large cloven feet. [potion of mutation]
 63736 | Depths:5 | Gained mutation: Potions are less effective at restoring your health. [potion of mutation]
 63736 | Depths:5 | Gained mutation: Your spells are a little harder to cast, but a little more powerful. [potion of mutation]
 63736 | Depths:5 | Gained mutation: Your flesh is cold resistant. (rC+) [potion of mutation]
 63736 | Depths:5 | Gained mutation: You are resistant to hostile enchantments. (MR+) [potion of mutation]
 63747 | Depths:5 | Found a gate to the Realm of Zot.
 64616 | Depths:5 | Lost mutation: Your flesh is cold resistant. (rC+) [potion of mutation]
 64616 | Depths:5 | Lost mutation: Armour fits poorly on your strangely shaped body. [potion of mutation]
 64616 | Depths:5 | Lost mutation: You are resistant to hostile enchantments. (MR+) [potion of mutation]
 64616 | Depths:5 | Lost mutation: Potions are less effective at restoring your health. [potion of mutation]
 64616 | Depths:5 | Gained mutation: Your natural rate of healing is unusually fast. [potion of mutation]
 64616 | Depths:5 | Gained mutation: You are agile. (Dex +2) [potion of mutation]
 65136 | Vaults:5 | Entered Level 5 of the Vaults
 65232 | Vaults:4 | Received a gift from Trog
 65276 | Vaults:5 | Noticed skittles's ghost (veteran DrFE)
 65592 | Vaults:5 | Killed skittles's ghost
 65644 | Vaults:5 | Noticed an ancient lich
 65668 | Vaults:5 | Killed an ancient lich
 65896 | Vaults:5 | Noticed Mennas
 65950 | Vaults:4 | Killed Mennas
 66042 | Vaults:4 | Reached XP level 25. HP: 204/257 MP: 11/34
 66441 | Vaults:5 | Received a gift from Trog
 66682 | Vaults:5 | Received a gift from Trog
 66811 | Vaults:5 | Noticed an ancient lich
 66826 | Vaults:5 | Killed an ancient lich
 67158 | Vaults:5 | Got a scorched hunting sling
 67234 | Vaults:5 | Got a silver rune of Zot
 67696 | Zot:1    | Entered Level 1 of the Realm of Zot
 67708 | Zot:1    | Noticed an orb of fire
 67710 | Zot:1    | Gained mutation: Your magical capacity is low. (-10% MP) [an orb of fire]
 67734 | Zot:1    | Killed an orb of fire
 68884 | Zot:2    | Received a gift from Trog
 69296 | Zot:2    | Reached XP level 26. HP: 239/266 MP: 31/31
 69720 | Zot:3    | Received a gift from Trog
 70037 | Zot:3    | Noticed an orb of fire
 70061 | Zot:3    | Killed an orb of fire
 70578 | Zot:4    | Noticed an orb of fire
 70686 | Zot:4    | Gained mutation: Armour fits poorly on your strangely shaped body. [an orb of fire]
 70694 | Zot:4    | Gained mutation: You occasionally shout uncontrollably at your foes. [an orb of fire]
 70698 | Zot:4    | Gained mutation: Your body sometimes deteriorates upon taking damage. [an orb of fire]
 70705 | Zot:4    | Gained mutation: You are frail. (-10% HP) [an orb of fire]
 70706 | Zot:4    | Killed an orb of fire
 70708 | Zot:4    | HP: 11/239 [tentacled monstrosity (12)]
 70995 | Zot:3    | Received a gift from Trog
 71311 | Zot:5    | Entered Level 5 of the Realm of Zot
 71373 | Zot:5    | HP: 6/358 [golden dragon (36)]
 71373 | Zot:5    | Demolished by a golden dragon

Vanquished Creatures
  3 orbs of fire
  2 ancient liches (Vaults:5)
  A juggernaut (Depths:4)
  Mennas (Vaults:4)
  Boris (Depths:5)
  A caustic shrike (Depths:5)
  The ghost of skittles the Pyromancer, a veteran DrFE of Vehumet (Vaults:5)
  3 golden dragons
  Nikola (Vaults:1)
  3 bone dragons (Abyss:3)
  Arachne (Spider:3)
  An electric golem (Zot:2)
  A pearl dragon (Depths:1)
  12 tentacled monstrosities
  2 Orb Guardians (Zot:5)
  Asterion (Depths:2)
  3 quicksilver dragons
  A lich (Vaults:4)
  4 titans (Vaults:5)
  5 death cobs
  An Executioner (Abyss:3)
  11 acid blobs
  3 thorn hunters (Swamp:3)
  An ancient champion (Vaults:2)
  Roxanne (Spider:4)
  5 tentacled starspawn (Abyss:3)
  Gastronok (Lair:3)
  6 sphinxes
  Agnes (D:14)
  8 tengu reavers
  8 shadow dragons
  4 nagarajas (Depths:2)
  6 storm dragons
  8 fire giants
  9 draconian monks
  5 ghost moths
  5 draconian knights
  11 frost giants
  2 iron dragons
  2 deep elf sorcerers
  15 vault wardens
  2 balrugs
  8 draconian scorchers
  A cacodemon (Abyss:3)
  A deep elf elementalist (Abyss:3)
  3 draconian stormcallers
  An orc warlord (Orc:1)
  6 emperor scorpions
  A reaper (Depths:3)
  5 draconian shifters
  15 ironheart preservers
  24 stone giants
  2 war gargoyles
  A spriggan defender (Depths:3)
  9 draconian annihilators
  10 black draconians
  An apis (Depths:1)
  An ophan (Depths:1)
  24 very ugly things
  2 entropy weavers (Spider:3)
  3 vampire knights
  20 yellow draconians
  12 green draconians
  9 purple draconians
  A deep elf annihilator (Vaults:4)
  6 white draconians
  11 spark wasps
  6 red draconians
  A blizzard demon (Abyss:3)
  2 eidola
  16 ettins
  7 fire dragons
  15 yaktaur captains
  5 deep elf high priests
  A merfolk impaler (Depths:1)
  6 jiangshi
  15 great orbs of eyes
  2 naga warriors (Depths:2)
  A monstrous demonspawn (Depths:3)
  3 catoblepae
  12 rakshasas
  9 spriggan air magi
  Harold (Lair:4)
  2 ghost crabs
  14 hydras
  An anaconda (Depths:2)
  25 ice dragons
  30 vault guards
  9 centaur warriors
  7 alligators
  61 two-headed ogres
  A queen ant (Spider:3)
  3 death yaks (Lair:5)
  2 death knights
  19 ogre magi
  11 deep troll earth magi
  7 orc high priests (Orc:2)
  20 deep troll shamans
  3 tengu warriors
  Urug (Lair:3)
  5 vampire magi
  12 thrashing horrors (Abyss:3)
  3 deep elf knights
  Nergalle (Lair:1)
  8 wretched stars (Abyss:3)
  2 soul eaters (Depths:3)
  7 spriggan berserkers
  A shadow wraith (Vaults:2)
  3 sun demons
  7 iron trolls
  An iron troll (shapeshifter) (Vaults:3)
  A fire crab (Lair:2)
  3 unseen horrors
  2 spriggan druids (Swamp:4)
  A sixfirhy (Abyss:3)
  23 hell knights
  A deep troll (shapeshifter) (Vaults:4)
  6 glowing orange brains
  2 flayed ghosts
  2 gelid demonspawn (Orc:2)
  4 death drakes (Depths:5)
  2 infernal demonspawn
  2 skeletal warriors (Volcano)
  6 lindwurms
  5 swamp dragons
  36 deep trolls
  A spark wasp zombie (Depths:2)
  15 ironbrand convokers
  A shadow dragon zombie (Depths:1)
  14 necromancers
  12 phantasmal warriors
  3 shambling mangroves
  2 mana vipers (shapeshifter) (Vaults:4)
  An anaconda skeleton (Volcano)
  13 orc knights
  2 deep elf archers (D:15)
  6 wizards
  Pikel (D:4)
  A harpy (Vaults:3)
  37 wolf spiders
  10 deep elf magi
  7 orc sorcerers
  2 frost giant zombies
  20 orb spiders
  A fire giant zombie (Depths:2)
  41 ugly things
  3 oklob plants (Zot:2)
  7 cyclopes
  4 manticores
  10 elephants
  4 worldbinders (Abyss:3)
  A moth of wrath (shapeshifter) (Depths:4)
  A tengu skeleton (Vaults:2)
  A salamander (shapeshifter) (Depths:3)
  A manticore (shapeshifter) (D:15)
  An elephant (shapeshifter) (Vaults:5)
  16 moths of wrath
  A fire giant skeleton (Depths:2)
  A frost giant skeleton (Depths:1)
  4 naga magi
  3 guardian serpents (shapeshifter)
  4 ice statues
  A black mamba (shapeshifter) (Depths:3)
  9 black mambas
  An apocalypse crab (Abyss:3)
  13 spiny frogs
  5 torpor snails
  6 guardian serpents
  14 large abominations (Abyss:3)
  A storm dragon simulacrum (Abyss:3)
  2 orange demons (Abyss:3)
  11 vault sentinels
  A spiny frog (shapeshifter) (Vaults:4)
  2 smoke demons
  4 rime drakes
  4 gargoyles (Volcano)
  A kobold demonologist (D:13)
  5 spectral swamp worms
  2 hellions
  An anaconda simulacrum (IceCv)
  2 hellwings (Abyss:3)
  11 komodo dragons
  71 yaktaurs
  13 freezing wraiths
  4 ancient zymes (Abyss:3)
  14 demonic crawlers
  2 efreet
  13 ice devils
  3 red devils
  A tormentor (Abyss:3)
  A meliai (shapeshifter) (Depths:1)
  2 tengu simulacra
  2 queen bees (shapeshifter)
  35 jumping spiders
  A queen bee (D:15)
  24 hornets
  4 polar bears
  10 trolls
  3 meliai (D:15)
  12 blink frogs
  A wind drake (Depths:5)
  A hornet (shapeshifter) (Depths:2)
  27 slime creatures
  6 tyrant leeches
  3 harpy skeletons (Volcano)
  A shadow dragon simulacrum (Depths:2)
  7 raiju (Abyss:3)
  10 dream sheep (Lair:6)
  A hippogriff (shapeshifter) (Depths:5)
  A blink frog (shapeshifter) (Vaults:3)
  12 hippogriffs
  4 bog bodies
  A fire giant simulacrum (Vaults:3)
  A centaur simulacrum (D:15)
  30 tarantellas
  5 shadows
  5 flying skulls
  17 yaks
  2 yaks (shapeshifter) (Vaults:2)
  17 spriggans
  An alligator skeleton (Volcano)
  19 humans
  2 dire elephant simulacra (IceCv)
  2 water elementals
  5 air elementals
  3 hogs (D:8)
  62 redbacks
  5 wraiths
  2 wyverns
  Eustachio (D:6)
  A fire elemental (Abyss:3)
  A hog (shapeshifter) (Vaults:2)
  5 hungry ghosts
  3 ynoxinuls (Abyss:3)
  A human (shapeshifter) (Vaults:1)
  10 neqoxecs
  24 vampire mosquitoes
  4 basilisks
  4 swamp worm simulacra (Swamp:4)
  A swamp worm (shapeshifter) (Depths:2)
  10 wargs
  A yaktaur simulacrum (Depths:1)
  4 chaos spawn (Abyss:3)
  Menkaure (D:4)
  An iron troll simulacrum (IceCv)
  2 harpy simulacra (IceCv)
  20 swamp worms
  5 insubstantial wisps (Swamp:2)
  9 nagas
  A naga (shapeshifter) (Depths:4)
  A steam dragon (D:9)
  6 soldier ants (Spider:3)
  A two-headed ogre zombie (D:10)
  An acid dragon (D:14)
  A water moccasin (shapeshifter) (Depths:1)
  16 water moccasins
  6 porcupines
  Duvessa (D:5)
  17 hydra simulacra
  12 swamp drakes
  4 ice beasts
  4 sky beasts
  A hornet zombie (D:7)
  A slave (D:4)
  51 ogres
  45 orc warriors
  7 phantoms
  8 black bears
  A necrophage (D:12)
  26 starcursed masses (Abyss:3)
  2 ettin simulacra (IceCv)
  An eye of draining (D:9)
  A centaur (shapeshifter) (Vaults:5)
  18 centaurs
  23 boggarts
  50 wolves
  14 crocodiles
  8 small abominations (Abyss:3)
  A human zombie (Vaults:2)
  2 big kobolds
  18 bullfrogs
  2 wyvern zombies
  A deep troll simulacrum (Vaults:1)
  Dowan (D:5)
  3 scorpions
  27 killer bees
  A water moccasin skeleton (D:7)
  2 troll zombies (D:10)
  3 troll skeletons (Volcano)
  4 wights (D:13)
  30 jellies
  8 electric eels
  5 spriggan skeletons
  5 howler monkeys
  6 crimson imps
  2 bullfrog zombies
  39 orc priests
  5 centaur skeletons
  9 hounds
  6 iron imps
  24 orc wizards
  A bullfrog skeleton (D:13)
  8 iguanas
  21 worker ants
  A worker ant (shapeshifter) (Depths:3)
  A killer bee zombie (D:9)
  5 ogre zombies (D:10)
  A worker ant zombie (D:5)
  6 gnolls
  14 adders
  4 shadow imps
  3 white imps (Abyss:3)
  4 swamp drake simulacra (Swamp:4)
  An ufetubus (Abyss:3)
  An ooze (D:7)
  An adder zombie (D:5)
  An adder skeleton (D:10)
  11 worms (Lair:4)
  5 leopard geckos
  89 orcs
  8 ball pythons
  2 giant cockroaches
  5 goblins
  7 hobgoblins
  15 jackals
  10 kobolds
  5 quokkas
  A ball python skeleton (D:4)
  2 bats (D:3)
  A goblin skeleton (D:10)
  A goblin zombie (D:10)
  A hobgoblin skeleton (D:10)
  A hobgoblin zombie (D:10)
  4 orc skeletons (D:10)
  17 orc zombies (D:10)
  A quokka skeleton (D:9)
  A rat (D:2)
  A briar patch (Swamp:3)
  A butterfly (Lair:1)
  2 plants
  7 starspawn tentacles (Abyss:3)
2531 creatures vanquished.

Vanquished Creatures (collateral kills)
  Margery (Depths:5)
  Jory (Depths:5)
  An Ice Fiend (IceCv)
  2 liches (Depths:3)
  A quicksilver dragon (Zot:4)
  A shadow dragon (Depths:3)
  An ironheart preserver (Vaults:1)
  A stone giant (Depths:5)
  2 yaktaur captains
  2 vault guards (Vaults:1)
  A rakshasa (Depths:3)
  A deep troll shaman (Depths:5)
  An ogre mage (Vaults:1)
  A flayed ghost (Vaults:2)
  A deep troll (Depths:1)
  A cyclops (Orc:1)
  A naga mage (Depths:2)
  4 yaktaurs
  A freezing wraith (Vaults:2)
  A tyrant leech (Swamp:3)
  A spriggan (Swamp:4)
  2 nagas (Depths:2)
  A human simulacrum (Vaults:1)
  An orc priest (Orc:1)
  3 orcs (Orc:1)
34 creatures vanquished.

Vanquished Creatures (others)
  An azure jelly (Swamp:4)
  An iron dragon (Vaults:5)
  A hell knight (Depths:5)
  An ironbrand convoker (Vaults:3)
  A lindwurm (Depths:5)
  A vault sentinel (Vaults:3)
  A spiny frog (Swamp:4)
  A tyrant leech (Swamp:4)
  A hornet (Vaults:3)
  A slime creature (D:15)
  A flying skull (Volcano)
  A hungry ghost (D:14)
  2 vampire mosquitoes (Swamp:4)
  A large abomination (Abyss:3)
  2 water moccasins (Depths:2)
  A worker ant (D:4)
  2 adders (D:4)
  A ball python (D:4)
  2 briar patches (Swamp:3)
  11 fungi
  3 lurking horrors (Abyss:3)
  15 plants
  15 starspawn tentacles
  2 toadstools (Swamp:3)
69 creatures vanquished.

Grand Total: 2634 creatures vanquished

Action                   |  1- 3 |  4- 6 |  7- 9 | 10-12 | 13-15 | 16-18 | 19-21 | 22-24 | 25-27 || total
-------------------------+-------+-------+-------+-------+-------+-------+-------+-------+-------++-------
Melee: Mace              |    30 |     6 |       |       |       |       |       |       |       ||    36
       Headbutt          |     7 |    22 |    70 |   233 |   272 |   347 |   421 |   488 |   332 ||  2192
       Flail             |       |    96 |       |       |       |       |       |       |       ||    96
       Whip              |       |       |   351 |   810 |       |       |       |       |       ||  1161
       Dire flail        |       |       |       |   234 |   596 |       |       |       |       ||   830
       Great mace        |       |       |       |       |   762 |  1061 |  1438 |  1616 |   925 ||  5802
       Lajatang          |       |       |       |       |       |   364 |   128 |   155 |    94 ||   741
Throw: Javelin           |       |       |       |    17 |    19 |     6 |       |       |       ||    42
Invok: Berserk           |     2 |     4 |     4 |     7 |     1 |       |       |     1 |     2 ||    21
       Trog's Hand       |       |     2 |     2 |     6 |     7 |     5 |    10 |    16 |     6 ||    54
       Burn Spellbooks   |       |       |     1 |     1 |     3 |     5 |     1 |       |     6 ||    17
       Brothers in Arms  |       |       |       |       |     1 |     5 |     3 |     5 |     3 ||    17
 Abil: Evoke Flight      |       |       |       |       |       |       |       |     1 |       ||     1
Evoke: Wand              |       |       |       |     7 |     8 |    24 |    13 |    10 |    11 ||    73
       Lamp of fire      |       |       |       |       |       |     1 |     4 |     1 |       ||     6
       Sack of spiders   |       |       |       |       |       |       |     2 |     1 |       ||     3
       Lightning rod     |       |       |       |       |       |       |     4 |     3 |     4 ||    11
  Use: Scroll            |       |     7 |     4 |    10 |    13 |    23 |    13 |     5 |    12 ||    87
       Potion            |       |       |       |       |     1 |    14 |     3 |    18 |     6 ||    42
 Stab: Invisible         |       |       |       |       |       |     7 |       |     1 |       ||     8
       Distracted        |       |       |       |       |       |     2 |       |     2 |       ||     4
       Paralysed         |       |       |       |       |       |     1 |       |       |       ||     1
  Eat: Chunk             |       |     7 |    15 |    29 |    50 |    34 |    38 |    28 |    16 ||   217
       Royal jelly       |       |     1 |       |     5 |     1 |    10 |     3 |     8 |     3 ||    31
       Fruit             |       |     1 |       |     2 |     1 |       |       |       |       ||     4
       Bread ration      |       |       |     1 |     1 |       |       |       |       |       ||     2
Armor: Leather armour    |     2 |       |       |       |       |       |       |       |       ||     2
       Chain mail        |       |    13 |       |       |       |       |       |       |       ||    13
       Plate armour      |       |    23 |   104 |   328 |   174 |   114 |       |       |       ||   743
       Quicksilver drago |       |       |       |       |   300 |   154 |       |       |       ||   454
       Pearl dragon scal |       |       |       |       |       |   510 |   728 |  1099 |   621 ||  2958
Dodge: Dodged            |    10 |    34 |    37 |   222 |   656 |   876 |  1350 |  2033 |  1278 ||  6496
Block: Shield            |       |       |    96 |   186 |       |       |       |       |       ||   282

Skill      XL: |  1  2  3  4  5  6  7  8  9 10 11 12 13 14 15 16 17 18 19 20 21 22 23 24 25 26 |
---------------+-------------------------------------------------------------------------------+-----
Maces & Flails | 4 5 6 7 8 10 12 15 17 18 20 | 20.0
Armour         | 5 6 8 10 12 13 16 18 19 20 22 23 24 26 | 26.0
Shields        | 3 4 |  4.2
Fighting       | 8 10 13 14 16 17 18 19 20 22 23 25 26 27 | 27.0
Evocations     | 3 6 7 8 10 12 13 15 17 18 19 | 19.8
Dodging        | 4 5 6 9 11 13 15 16 18 19 20 22 | 22.0
Staves         | 4 |  4.0
